 Dungeon Crawl Stone Soup version 0.17.0 (webtiles) character file.

4766 tp1 the Thaumaturge (level 10, -2/50 HPs)
             Began as a Deep Elf Conjurer on Nov 6, 2015.
             Was a Follower of Vehumet.
             Slain by BLOAX's ghost (22 damage)
             ... on level 9 of the Dungeon.
             The game lasted 00:45:14 (10233 turns).

tp1 the Thaumaturge (Deep Elf Conjurer)            Turns: 10233, Time: 00:45:14

Health: -2/50      AC:  3    Str:  5    XL:     10   Next: 23%
Magic:  18/34      EV: 12    Int: 24    God:    Vehumet [*.....]
Gold:   265        SH:  4    Dex: 17    Spells: 4 memorised, 22 levels left

rFire  . . .     SeeInvis .     P - -2 iron rod (12/12)
rCold  . . .     Clarity  .     a - +0 robe
rNeg   . . .     SustAt   .     E - +0 buckler
rPois  .         Gourm    .     (no helmet)
rElec  .         Spirit   .     p - +0 cloak
rCorr  .         Warding  .     (no gloves)
rMut   .         Stasis   .     (no boots)
MR     +....                    Q - amulet of inaccuracy (curse)
Stlth  ++........               (no ring)
                                j - ring of magical power

@: lethally poisoned (-2 -> -10), somewhat resistant to hostile enchantments,
unstealthy
A: agile 1, low mp 1, wild magic 1
a: Renounce Religion


You were on level 9 of the Dungeon.
You worshipped Vehumet.
Vehumet was aware of your devotion.
You were not hungry.

You visited 2 branches of the dungeon, and saw 10 of its levels.
You also visited: Sewer.

You collected 380 gold pieces.
You spent 115 gold pieces at shops.

Inventory:

Hand Weapons
 n - a +2 dagger of speed
 x - a +1 short sword of protection
 y - a +0 hand axe of freezing
 H - a +0 rapier
Armour
 a - a +0 robe (worn)
 p - a +0 cloak (worn)
 B - the +0 leather armour "Sojofun" {Slay+2 SInv}
   (You found it on level 5 of the Dungeon)

   It affects your accuracy and damage with ranged weapons and melee attacks
   (+2).
   It lets you see invisible.
 E - a +0 buckler (worn)
Rods
 P - a -2 iron rod (12/12) (weapon)
   (You found it on level 7 of the Dungeon)
Jewellery
 j - a ring of magical power (left hand)
 Q - a cursed amulet of inaccuracy (around neck)
Wands
 w - a wand of heal wounds (6)
 z - a wand of lightning (8)
 J - a wand of lightning (10)
 K - a wand of frost (20)
 L - a wand of lightning (11)
 N - a wand of enslavement (17)
Scrolls
 d - 3 scrolls of teleportation
 e - 2 scrolls of immolation
 f - a scroll of fog
 r - 2 scrolls of fear
 t - 2 scrolls of blinking
 u - 9 scrolls of remove curse
 F - 4 scrolls of magic mapping
Potions
 i - a potion of haste {unknown}
 k - 2 potions of invisibility
 m - a potion of brilliance {unknown}
 o - 2 potions of might {unknown}
 q - a potion of lignification {unknown}
 s - 4 potions of ambrosia
 A - a potion of cancellation {unknown}
 D - a potion of degeneration {unknown}
 G - 3 potions of magic
 I - 3 potions of agility
Books
 b - a book of Conjurations

   Spells                             Type                      Level
   a - Magic Dart                     Conjuration                  1
   b - Searing Ray                    Conjuration                  2
   c - Dazzling Spray                 Conjuration/Hexes            3
   d - Fulminant Prism                Conjuration/Hexes            4
   e - Iskenderun's Mystic Blast      Conjuration                  4
   f - Iskenderun's Battlesphere      Conjuration/Charms           5
 O - a book of Alchemy

   Spells                             Type                      Level
   a - Sublimation of Blood           Necromancy                   2
   b - Ignite Poison                  Fire/Transmutation/Poison    3
   c - Alistair's Intoxication        Transmutation/Poison         4
   d - Condensation Shield            Ice                          4
   e - Petrify                        Transmutation/Earth          4
   f - Irradiate                      Conjuration/Transmutation    5
Comestibles
 c - 6 bread rations
 l - 2 fruits
 v - 6 beef jerkies
 M - 8 slices of pizza


   Skills:
 - Level 2.4 Dodging
 - Level 2.4 Stealth
 - Level 12.0 Spellcasting
 - Level 10.0 Conjurations
 - Level 10.1 Charms
 + Level 5.1 Fire Magic


You had 22 spell levels left.
You knew the following spells:

 Your Spells              Type           Power        Failure   Level  Hunger
a - Magic Dart            Conj           ####         1%          1    None
b - Searing Ray           Conj           ######       1%          2    None
c - Ignite Poison         Fire/Trmt/Pois ####....     22%         3    None
d - Iskenderun's Battles  Conj/Chrm      #######.     9%          5    ###....


Dungeon Overview and Level Annotations

Branches:
Dungeon (9/15)             Temple (1/1) D:7
   Lair: D:8-11         Orc: D:9-12

Altars:
Ashenzari
Cheibriados
Dithmenos
Elyvilon
Fedhas
Gozag
Kikubaaqudgha
Makhleb
Nemelex Xobeh
Okawaru
Qazlal
Ru
Sif Muna
Trog
Vehumet
Xom
Yredelemnul
Zin

Shops:
D:6 *

Annotations:
D:3 KromesxD's ghost, amateur MiFi
D:9 BLOAX's ghost, novice MiFi


Innate Abilities, Weirdness & Mutations

You are agile. (Dex +2)
Your magical capacity is low (-10% MP).
Your spells are a little harder to cast, but a little more powerful.


Message History

You are poisoned.
The water moccasin poisons you!
Casting: Magic Dart
Confirm with . or Enter, or press ? or * to list all spells.
Aiming: Magic Dart
Press: ? - help, Shift-Dir - straight line, f/p - BLOAX's ghost
Aim: BLOAX's ghost (severely damaged)
The magic dart hits BLOAX's ghost.
BLOAX's ghost is severely damaged.
You feel sick.
Your battlesphere fires!
The barrage of energy hits BLOAX's ghost.
BLOAX's ghost is severely damaged.
BLOAX's ghost hits you!
* * * LOW HITPOINT WARNING * * *
You block the water moccasin's attack.
Drink which item? (? for menu, Esc to quit)
You feel much better.
You feel sick. The water moccasin bites you. BLOAX's ghost hits you!!
You die...

#.........)....#..#...#...
#.............##..#...#...
#.........)...#...#...#...
######.......#####.#...#...#...
#............#...#.#...#...#...
#............#...#.#...# #...
#............#...#.#.(..
##############...'.#
......S@W.### ####<...)........
#............. #......*......
#............. #.#########.##
## .# #


You could see a water moccasin and BLOAX's ghost.

Vanquished Creatures
  The ghost of Britaniac the Transmogrifier, a novice NaTm of Cheibriados (D:8)
  A human (D:7)
  A yak (D:7)
  A hippogriff (D:8)
  4 ogres
  A phantom (D:6)
  5 ice beasts
  2 sky beasts
  4 centaurs
  An orc warrior (D:7)
  A crocodile (Sewer)
  The ghost of Borgoz the Sneak, an amateur SpAs (D:4)
  A big kobold (D:7)
  5 giant frogs
  A wyvern skeleton (D:8)
  3 scorpions
  4 killer bees (D:7)
  3 crimson imps (D:7)
  4 hounds
  10 orc wizards
  A jelly (D:8)
  9 orc priests
  4 iguanas
  8 worker ants
  3 sheep (D:7)
  A hound skeleton (D:6)
  2 worker ant zombies
  7 gnolls
  5 adders
  3 shadow imps
  2 worms
  6 giant geckos
  15 orcs
  7 bats
  5 giant cockroaches
  14 hobgoblins
  15 jackals
  14 kobolds
  3 quokkas
  2 ball pythons (D:1)
  A giant cockroach zombie (D:6)
  A giant gecko skeleton (D:4)
  5 giant newts
  15 goblins
  2 jackal zombies (D:7)
  A quokka zombie (D:5)
  11 rats
216 creatures vanquished.

Notes
Turn   | Place    | Note
--------------------------------------------------------------
     0 | D:1      | tp1 the Deep Elf Conjurer began the quest for the Orb.
     0 | D:1      | Reached XP level 1. HP: 10/10 MP: 6/6
     6 | D:1      | Noticed a worker ant
     6 | D:1      | Noticed a polar bear
     6 | D:1      | Noticed a water moccasin
     7 | D:1      | Noticed a wyvern
     7 | D:1      | Noticed a swamp worm
   309 | D:1      | Reached XP level 2. HP: 15/15 MP: 0/8
   380 | D:1      | Learned a level 2 spell: Searing Ray
   396 | D:1      | Reached skill level 5 in Conjurations
   683 | D:1      | Reached XP level 3. HP: 19/19 MP: 2/9
  2024 | D:1      | Reached skill level 6 in Conjurations
  2538 | D:2      | Reached XP level 4. HP: 21/24 MP: 11/11
  4246 | D:3      | Noticed KromesxD's ghost (amateur MiFi)
  4284 | D:4      | Reached skill level 5 in Spellcasting
  4293 | D:4      | Noticed Borgoz's ghost (amateur SpAs)
  4380 | D:4      | Noticed an ogre
  4381 | D:4      | Reached XP level 5. HP: 28/28 MP: 14/14
  4388 | D:4      | Killed an ogre
  4395 | D:4      | Learned a level 5 spell: Iskenderun's Battlesphere
  4454 | D:4      | Reached skill level 1 in Charms
  4497 | D:4      | Reached XP level 6. HP: 21/32 MP: 17/17
  4868 | D:4      | Killed Borgoz's ghost
  4868 | D:4      | Reached skill level 5 in Charms
  4994 | D:5      | Entered Level 5 of the Dungeon
  5006 | D:5      | Reached XP level 7. HP: 36/36 MP: 18/18
  5010 | D:5      | Reached skill level 7 in Charms
  5018 | D:5      | Gained mutation: You are agile. (Dex +2) [mutagenic meat]
  5019 | D:5      | Gained mutation: Your magical capacity is low (-10% MP). [mutagenic meat]
  5020 | D:5      | Gained mutation: Your spells are a little harder to cast, but a little more powerful. [mutagenic meat]
  5021 | D:5      | Lost mutation: Your magical capacity is low (-10% MP). [mutagenic meat]
  5022 | D:5      | Gained mutation: Your spells are harder to cast, but more powerful. [mutagenic meat]
  5249 | D:5      | Got an ichor-stained leather armour
  5260 | D:5      | Identified the +0 leather armour "Sojofun" {Slay+2 SInv} (You found it on level 5 of the Dungeon)
  5260 | D:5      | Upgraded the game from 0.17-b1-36-g7b1967c to 0.17.0
  5334 | D:5      | Reached skill level 8 in Charms
  5649 | D:5      | Reached skill level 9 in Charms
  6011 | D:5      | Reached skill level 10 in Charms
  6011 | D:5      | Reached XP level 8. HP: 41/41 MP: 19/19
  6038 | D:5      | Found a shattered altar of Ashenzari.
  6038 | D:5      | Found a burning altar of Makhleb.
  6274 | D:6      | Found a glowing drain.
  6283 | Sewer    | Entered a sewer
  6651 | D:6      | Found Sudem's General Store.
  6660 | D:6      | Bought a scroll of remove curse for 33 gold pieces
  6660 | D:6      | Bought a scroll of magic mapping for 38 gold pieces
  6660 | D:6      | Bought a potion of agility for 44 gold pieces
  7620 | D:7      | Reached skill level 10 in Conjurations
  7620 | D:7      | Reached XP level 9. HP: 31/45 MP: 20/20
  7687 | D:7      | Found a staircase to the Ecumenical Temple.
  7696 | Temple   | Entered the Ecumenical Temple
  7732 | Temple   | Became a worshipper of Vehumet
  7893 | D:7      | Gained mutation: Your magical capacity is low (-10% MP). [mutagenic meat]
  7894 | D:7      | Lost mutation: Your spells are harder to cast, but more powerful. [mutagenic meat]
  8269 | D:7      | Reached skill level 10 in Spellcasting
  8390 | D:7      | Reached skill level 11 in Spellcasting
  8860 | D:7      | Found a staircase to the Ecumenical Temple.
  9008 | D:8      | Noticed Britaniac's ghost (novice NaTm)
  9147 | D:8      | Reached * piety under Vehumet
  9147 | D:8      | Offered knowledge of Sting by Vehumet.
  9152 | D:8      | Learned a level 3 spell: Ignite Poison
  9165 | D:8      | Found an opulent altar of Gozag.
  9165 | D:8      | Found a stormy altar of Qazlal.
  9165 | D:8      | Found a basalt altar of Yredelemnul.
  9166 | D:8      | Found a snail-covered altar of Cheibriados.
  9167 | D:8      | Found a glowing silver altar of Zin.
  9168 | D:8      | Found a sparkling altar of Nemelex Xobeh.
  9233 | D:8      | Reached skill level 12 in Spellcasting
  9254 | D:8      | Reached skill level 1 in Fire Magic
  9314 | D:8      | Killed Britaniac's ghost
  9314 | D:8      | Reached XP level 10. HP: 50/50 MP: 16/25
  9830 | D:8      | Found a stormy altar of Qazlal.
  9831 | D:8      | Found a basalt altar of Yredelemnul.
  9833 | D:8      | Found a snail-covered altar of Cheibriados.
  9833 | D:8      | Found an opulent altar of Gozag.
  9835 | D:8      | Found a glowing silver altar of Zin.
  9836 | D:8      | Found a sparkling altar of Nemelex Xobeh.
 10214 | D:9      | Reached skill level 5 in Fire Magic
 10216 | D:9      | Noticed BLOAX's ghost (novice MiFi)
 10232 | D:9      | HP: 2/50 [BLOAX's ghost (16)]
 10233 | D:9      | Slain by BLOAX's ghost

Action                   |  1- 3 |  4- 6 |  7- 9 | 10-12 || total
-------------------------+-------+-------+-------+-------++-------
Melee: Unarmed           |     2 |       |       |       ||     2
 Cast: Magic Dart        |    94 |    85 |   165 |    38 ||   382
       Searing Ray       |     1 |    10 |     5 |       ||    16
       Iskenderun's Batt |       |     3 |    33 |     9 ||    45
Evoke: Rod               |       |       |     1 |       ||     1
  Use: Potion            |       |     2 |       |     4 ||     6
       Scroll            |       |       |    10 |       ||    10
  Eat: Chunk             |     5 |     8 |    30 |     4 ||    47
       Fruit             |       |       |     2 |       ||     2
